 Dungeon Crawl Stone Soup version 0.31-a0-219-g8d62b2e7bb (webtiles) character file.

Game seed: 1219592087034575866

167 gelatine the Shooter (level 5, -1/40 HPs)
             Began as a Demonspawn Hunter on July 4, 2023.
             Slain by Grinder (2 damage)
             ... on level 3 of the Dungeon.
             The game lasted 00:04:28 (1917 turns).

gelatine the Shooter (Demonspawn Hunter)            Turns: 1917, Time: 00:04:29

Health: -1/40      AC:  7    Str: 11    XL:     5   Next: 23%
Magic:  5/5        EV: 12    Int: 11    God:
Gold:   100        SH:  4    Dex: 18    Spells: 4/4 levels left

rFire   + . .        a - +0 shortbow
rCold   . . .        (shield currently unavailable)
rNeg    . . .        c - +0 leather armour
rPois   .            (no helmet)
rElec   .            h - +1 cloak
rCorr   .            (no gloves)
SInv    .            (no boots)
Will    .....        (no amulet)
Stlth   ++           k - ring of protection from fire
HPRegen 0.26/turn    (no ring)
MPRegen 0.09/turn

%: no passive effects
@: no status effects
A: claws 1, yellow scales 1, demonic guardian 1, condensation shield
a: no special abilities


You were on level 3 of the Dungeon.
You visited 1 branch of the dungeon, and saw 3 of its levels.

You collected 100 gold pieces.

Inventory:

Hand Weapons
 a - a +0 shortbow (weapon)
Armour
 c - a +0 leather armour (worn)
 h - a +1 cloak (worn)
Jewellery
 k - a ring of protection from fire (left claw)
Scrolls
 b - a scroll of butterflies
 d - 5 scrolls of amnesia {unknown}
 e - 3 scrolls of identify {unknown}
 g - a scroll of enchant armour {unknown}
 j - 2 scrolls of teleportation {unknown}
 l - a scroll of blinking {unknown}
 m - a scroll of torment {unknown}
 n - a scroll of vulnerability {unknown}
 o - a scroll of noise {unknown}
 q - 3 scrolls of poison {unknown}
 r - a scroll of immolation {unknown}
 s - a scroll of fear {unknown}
Potions
 f - 3 potions of curing {unknown}
 i - a potion of ambrosia {unknown}
 p - a potion of might


   Skills:
 * Level 2.9 Fighting
 * Level 5.2 Ranged Weapons
 * Level 1.1 Armour
 * Level 2.1 Dodging
 + Level 1.0 Stealth


You had 4 spell levels left.
You didn't know any spells.
Your spell library contained the following spells:

 Spells                   Type           Power      Damage    Failure   Level
 Ensorcelled Hibernation  Hex/Ice        0%         N/A       56%         2
 Dazzling Flash           Conj/Hex       0%         N/A       80%         3
 Spider Form              Tmut/Pois      0%         N/A       80%         3
 Anguish                  Hex/Necr       0%         N/A       99%         4
 Agony                    Necr           0%         N/A       100%        5
 Silence                  Hex/Air        0%         N/A       100%        5


Dungeon Overview and Level Annotations

Branches:
Dungeon (3/15)

Altars:

Shops:
D:2 (

Annotations:
D:3 Grinder


Innate Abilities, Weirdness & Mutations

You have sharp fingernails.
You are partially covered in yellow scales. (AC +2)
A weak demonic guardian rushes to your aid.
A meltable shield of frost defends you. (SH +4)


Message History

Your white imp gestures at Grinder.
The puff of frost hits Grinder.
Grinder resists.
Grinder hits your white imp!
Your white imp dies!
Your white imp disappears in a puff of smoke!
You are too injured to fight recklessly!
Fire: a) +0 shortbow
Press: ? - help, Q - select action Shift-Dir - straight line, f/p - Grinder
Aim: Grinder (lightly wounded, 61% to hit)
You shoot an arrow. The arrow barely misses Grinder.
Fire: a) +0 shortbow
Press: ? - help, Q - select action Shift-Dir - straight line, f/p - Grinder
Aim: Grinder (lightly wounded, 61% to hit)
You shoot an arrow. The arrow closely misses Grinder.
Grinder gestures at you. Pain shoots through your body!
* * * LOW HITPOINT WARNING * * *
Fire: a) +0 shortbow
Press: ? - help, Q - select action Shift-Dir - straight line, f/p - Grinder
Aim: Grinder (lightly wounded, 61% to hit)
You shoot an arrow. The arrow barely misses Grinder.
Grinder gestures at you. You resist with significant effort.
Fire: a) +0 shortbow
Press: ? - help, Q - select action Shift-Dir - straight line, f/p - Grinder
Aim: Grinder (lightly wounded, 61% to hit)
You shoot an arrow. The arrow hits Grinder.
Grinder is moderately wounded.
Grinder hits you but does no damage.
Fire: a) +0 shortbow
Press: ? - help, Q - select action Shift-Dir - straight line, f/p - Grinder
Aim: Grinder (moderately wounded, 61% to hit)
You shoot an arrow. The arrow hits Grinder.
Grinder is moderately wounded.
Grinder hits you.
* * * LOW HITPOINT WARNING * * *
A demonic guardian appears!
You writhe in agony.
* * * LOW HITPOINT WARNING * * *
Grinder hits you.
You die...

.....##.#### 8?..8##....#
##8 ####.# ####### #.#
###### ##.!...# #.###....#
.......## #.....##.#
.....)..#########....###.#
...?........†..5.....##..#
##.....#########@........#
####### #..5........#
#.##.#......##
#............##
.........###..#
#.#.......# ##.# #
#.......####.###
................####
..#................#


You could see Grinder (ally target) and a friendly shadow imp (summoned).

Vanquished Creatures
  Natasha (twice) (D:2)
  Terence (D:2)
  3 adders (D:2)
  2 worms (D:2)
  2 dart slugs (D:1)
  3 bats
  8 endoplasms
  4 giant cockroaches
  5 goblins
  5 hobgoblins
  2 jackals (D:1)
  A quokka (D:1)
  4 ball pythons
  4 frilled lizards
  4 kobolds (D:1)
  4 rats
54 creatures vanquished.

Notes
Turn   | Place    | Note
-------+----------+-------------------------------------------
     0 | D:1      | gelatine the Demonspawn Hunter began the quest for the Orb.
     0 | D:1      | Reached XP level 1. HP: 16/16 MP: 1/1
    64 | D:1      | Reached skill level 4 in Ranged Weapons
   108 | D:1      | Gained mutation: A meltable shield of frost defends you.
                  | (SH +4) [demonic ancestry]
   108 | D:1      | Reached XP level 2. HP: 22/22 MP: 2/2
   321 | D:1      | Reached skill level 1 in Stealth
   346 | D:1      | Gained mutation: A weak demonic guardian rushes to your
                  | aid. [demonic ancestry]
   346 | D:1      | Reached XP level 3. HP: 27/27 MP: 3/3
   884 | D:2      | Reached skill level 1 in Armour
   967 | D:2      | Noticed Natasha
   975 | D:2      | Killed Natasha
   976 | D:2      | Gained mutation: You are partially covered in yellow
                  | scales. (AC +2) [demonic ancestry]
   976 | D:2      | Reached XP level 4. HP: 28/34 MP: 4/4
   999 | D:2      | Noticed Terence
  1015 | D:2      | Killed Terence
  1244 | D:2      | Found a faded altar of an unknown god.
  1370 | D:2      | Found Futoekh's Weapon Boutique.
  1429 | D:2      | Reached skill level 5 in Ranged Weapons
  1501 | D:2      | Noticed Natasha
  1510 | D:2      | Killed Natasha
  1511 | D:2      | Gained mutation: You have sharp fingernails. [demonic
                  | ancestry]
  1511 | D:2      | Reached XP level 5. HP: 30/40 MP: 5/5
  1888 | D:3      | Noticed Grinder
  1899 | D:3      | Paralysed by Grinder for 5 turns
  1916 | D:3      | HP: 1/40 [Grinder (6)]
  1917 | D:3      | Slain by Grinder

Illustrated notes

Levels and vault maps discovered:
D:1:      minmay_arrival_four_loops, layout_loops_ring, corexii_hall_statues_i
D:2:      layout_loops_ring, ebering_ecumenical_altar_abandoned, serial_shops,
          shop, uniq_natasha, uniq_terence
D:3:      layout_rooms, mainiacjoe_overflow_catwalk,
          nicolae_overflow_hidden_temple, uniq_crazy_yiuf_cottage, uniq_grinder

Skill      XL: |  1  2  3  4 |
---------------+-------------+-----
Ranged Weapons | 4 5 |  5.2
Stealth        | 1 |  1.0
Armour         | 1 |  1.1
Dodging        | 2 |  2.1
Fighting       | |  2.9

Action                     |  1- 3 |  4- 6 || total
---------------------------+-------+-------++-------
   Fire: Shortbow          |   100 |    76 ||   176
 Armour: Leather armour    |    16 |     5 ||    21
  Dodge: Dodged            |    17 |    12 ||    29
  Block: Other             |     5 |     3 ||     8

Table legend: (Time is in decaauts)
 A = Elapsed time spent in this place.
 B = Non-inter-level travel time spent in this place.
 C = Inter-level travel time spent in this place.
 D = Time resting spent in this place.
 E = Time spent auto-exploring this place.
 F = Levels seen in this place.
 G = Mean time per level.
                   A        B        C        D        E       F      G
               +--------+--------+--------+--------+--------+-----+--------+
         Total |   1953 |   1910 |     43 |      0 |   1574 |   3 |  651.0 |
       Dungeon |   1953 |   1910 |     43 |      0 |   1574 |   3 |  651.0 |
               +--------+--------+--------+--------+--------+-----+--------+

Top non-repeatable levels by time:
     D:2: 893 daAuts
     D:1: 885 daAuts
     D:3: 175 daAuts
